 Dungeon Crawl Stone Soup version 0.29.1-15-g9cfb28693d (webtiles) character file.

Game seed: 2286988166291348834

10 Ast3rio the Trooper (level 2, 27/27 HPs)
             Began as a Minotaur Berserker on Mar 8, 2023.
             Was a Follower of Trog.
             Quit the game on level 1 of the Dungeon.
             The game lasted 00:01:30 (504 turns).

Ast3rio the Trooper (Minotaur Berserker)             Turns: 504, Time: 00:01:31

Health: 27/27      AC:  2    Str: 21    XL:     2   Next: 10%
Magic:  1/1        EV: 12    Int:  4    God:    Trog [*.....]
Gold:   37         SH:  0    Dex:  9    Spells: 1/1 levels left

rFire   . . .      SeeInvis .   a - +0 hand axe
rCold   . . .      Faith    .   (no shield)
rNeg    . . .      Spirit   .   b - +0 animal skin
rPois   .          Reflect  .   (helmet restricted)
rElec   .          Harm     .   (no cloak)
rCorr   .          Rampage  .   (no gloves)
Will    .....                   (no boots)
Stlth   +.........              (no amulet)
HPRegen 0.09/turn               (no ring)
MPRegen 0.07/turn               (no ring)

@: no status effects
A: horns 2, retaliatory headbutt
a: Renounce Religion, Berserk


You were on level 1 of the Dungeon.
You worshipped Trog.
Trog was aware of your devotion.
You visited 1 branch of the dungeon, and saw 1 of its levels.

You collected 37 gold pieces.

Inventory:

Hand Weapons
 a - a +0 hand axe (weapon)
Armour
 b - a +0 animal skin (worn)
Jewellery
 g - a ring of see invisible
Scrolls
 e - a scroll of identify {unknown}
 h - a scroll of vulnerability {unknown}
Potions
 c - a potion of attraction {unknown}
 d - a potion of curing {unknown}
 f - a potion of ambrosia {unknown}


   Skills:
 + Level 4.0 Fighting
 + Level 3.9 Axes
 + Level 2.5 Armour
 + Level 2.2 Dodging


You had one spell level left.
You didn't know any spells.
Your spell library was empty.

Dungeon Overview and Level Annotations

Branches:
Dungeon (1/15)

Altars:


Innate Abilities, Weirdness & Mutations

You have a pair of horns on your head.
You reflexively headbutt those who attack you in melee.


Message History

Moving in this stuff is going to be slow.
Found a stone staircase leading down.
A giant cockroach comes into view.
A giant cockroach is nearby!
You hit the giant cockroach.
The giant cockroach is moderately wounded.
The giant cockroach bites you.
You hit the giant cockroach but do no damage.
The giant cockroach is moderately wounded.
The giant cockroach barely misses you. You furiously retaliate!
You headbutt the giant cockroach!
You kill the giant cockroach!
Trog accepts your kill.
Your life force feels restored.
You have reached level 2!
You see here a giant cockroach corpse.
There is a stone staircase leading down here.
You see here a +0 robe.
Found a stone staircase leading down.
g - a ring of see invisible You now have 37 gold pieces (gained 15).
Found a stone staircase leading down.
Unknown command.
There is a stone staircase leading down here.
h - a scroll labelled BIFRUE ULASAIFIOK Unknown command.
There is a stone staircase leading down here.
An endoplasm comes into view.
An endoplasm is nearby!
Unknown command.
An endoplasm is nearby!
The helpless endoplasm fails to defend itself.
You hit the endoplasm but do no damage. Your punch misses the endoplasm.
The endoplasm completely misses you. You furiously retaliate!
You headbutt the endoplasm!
You kill the endoplasm!
Trog accepts your kill.
Unknown command.
Unknown command.
Are you sure you want to abandon this character and quit the game? (Confirm with "yes".)

###.##....# #
######..# #.
#......## #. #.###>.#
#. #.# #..# #.##
#.###..######..#
#..............#
###..##..#######.#
.....##..# #@#
####.##..# #.#
#.##..#######.###.##
#
#.##..#..............
##
#.##..#.#####.###.###
.###.##..#.# #.#
>....##..#.# #.#
.###.##..#.#####.#
#......>.........#


There were no monsters in sight!

Vanquished Creatures
  3 endoplasms (D:1)
  A giant cockroach (D:1)
  A goblin (D:1)
  A hobgoblin (D:1)
  A kobold (D:1)
  A spectral goblin (D:1)
8 creatures vanquished.

Notes
Turn   | Place    | Note
-------+----------+-------------------------------------------
     0 | D:1      | Ast3rio the Minotaur Berserker began the quest for the Orb.
     0 | D:1      | Reached XP level 1. HP: 19/19 MP: 0/0
   320 | D:1      | Found a faded altar of an unknown god.
   327 | D:1      | Reached skill level 4 in Fighting
   367 | D:1      | Reached XP level 2. HP: 24/27 MP: 1/1
   504 | D:1      | Quit the game

Illustrated notes

Levels and vault maps discovered:
D:1:      psy_arrival_radial01, layout_loops_ring,
          dreamdust_ecumenical_altar_drowned_temple

Skill      XL: |  1 |
---------------+----+-----
Fighting       | 4 |  4.0
Axes           | |  3.9
Armour         | |  2.5
Dodging        | |  2.2

Action                   || total
-------------------------++-------
Melee: Hand axe          ||    11
       Headbutt          ||     2
       Punch             ||     1
 Stab: Sleeping          ||     1
Dodge: Dodged            ||     3
